 Dungeon Crawl Stone Soup version 0.28-a0-664-gc179e30c89 (webtiles) character file.

Game seed: 7807751111094906770

3794 lawman0 the Ruffian (level 9, -5/79 HPs)
             Began as a Troll Earth Elementalist on Oct 15, 2021.
             Slain by a troll (7 damage)
             ... on level 8 of the Dungeon.
             The game lasted 00:12:33 (6950 turns).

lawman0 the Ruffian (Troll Earth Elementalist)      Turns: 6950, Time: 00:12:34

Health: -5/79      AC: 11    Str: 18    XL:     9   Next: 96%
Magic:  12/12      EV: 10    Int: 14    God:
Gold:   68         SH:  0    Dex: 10    Spells: 8/14 levels left

rFire   . . .      SeeInvis .     - Unarmed
rCold   . . .      Faith    .   (no shield)
rNeg    . . .      Spirit   .   h - +0 troll leather armour {Purgy}
rPois   .          Reflect  .   (helmet restricted)
rElec   .          Harm     .   i - +0 cloak
rCorr   .          Rampage  .   (gloves unavailable)
Will    .....                   (boots unavailable)
Stlth   +.........              (no amulet)
HPRegen 2.23/turn               j - +4 ring of protection
MPRegen 0.13/turn               (no ring)

@: studying Stealth
A: large, unfitting armour, claws 3, regeneration 1, shaggy fur 1, tough skin 1
a: no special abilities


You were on level 8 of the Dungeon.
You visited 2 branches of the dungeon, and saw 9 of its levels.
You also visited: Sewer.

You collected 246 gold pieces.
You spent 178 gold pieces at shops.

Inventory:

Missiles
 c - 146 stones
 l - 38 poisoned darts (quivered)
 m - a throwing net
Armour
 b - a +1 robe
 h - a +0 troll leather armour (worn) {Purgy}
 i - a +0 cloak (worn)
Jewellery
 j - a +4 ring of protection (left claw)
Wands
 o - a wand of digging (3)
 s - a wand of paralysis (11)
Scrolls
 a - 4 scrolls of enchant armour
 f - a scroll of vulnerability
 g - 2 scrolls of amnesia
 k - a scroll of brand weapon
 q - 2 scrolls of enchant weapon
 t - a scroll of fear
 u - a scroll of identify
 v - a scroll of torment
Potions
 d - 3 potions of heal wounds
 e - 3 potions of curing
 p - a potion of haste
 r - a potion of resistance


   Skills:
 + Level 2.2 Fighting
 + Level 1.0 Throwing
 + Level 2.9 Armour
 + Level 3.5 Dodging
 + Level 1.8 Stealth
 * Level 7.5 Unarmed Combat
 + Level 3.0 Spellcasting
 * Level 4.0 Transmutations
 * Level 7.1 Earth Magic


You had 8 spell levels left.
You knew the following spells:

 Your Spells              Type           Power      Damage    Failure   Level
a - Sandblast             Erth           44%        2d11      1%          1
b - Passwall              Tmut/Erth      14%        N/A       3%          2
c - Stone Arrow           Conj/Erth      24%        3d8       17%         3

Your spell library contained the following spells:

 Spells                   Type           Power      Damage    Failure   Level
 Petrify                  Tmut/Erth      17%        N/A       26%         4


Dungeon Overview and Level Annotations

Branches:
Dungeon (8/15)             Temple (1/1) D:6           Sewer (visited)
   Lair: D:8-11

Altars:
Ashenzari
Cheibriados
Dithmenos
Elyvilon
Fedhas
Gozag
Hepliaklqana
Nemelex Xobeh
Okawaru
Qazlal
Sif Muna
Trog
Uskayaw
Xom
Zin
The Shining One

Shops:
D:2 ?   D:7 ?

Annotations:
D:7 Joseph


Innate Abilities, Weirdness & Mutations

You are too large for most types of armour.
You have claws for hands.
Your natural rate of healing is unusually fast.
You are covered in fur. (AC +1)
You have tough skin. (AC +1)


Message History

The troll is heavily wounded.
The troll bites you but does no damage. The troll barely misses you.
The troll claws you. The troll bites you! The troll claws you!
The troll barely misses you.
Things that are here:
a +0 shortbow; 13 arrows; a centaur corpse You are too injured to fight recklessly!
You are too injured to fight recklessly!
Unknown command.
You are too injured to fight recklessly!
You scratch the troll but do no damage. Your claw misses the troll.
The troll is heavily wounded.
You are too injured to fight recklessly!
You barely miss the troll.
The troll is heavily wounded.
The troll bites you. The troll claws you. The troll barely misses you.
You are too injured to fight recklessly!
You barely miss the troll.
The troll is heavily wounded.
The troll completely misses you. The troll claws you.
The troll closely misses you.
You are too injured to fight recklessly!
You scratch the troll.
The troll is heavily wounded.
The troll bites you. The troll claws you. x2
You are too injured to fight recklessly!
You claw the troll!
The troll is almost dead.
The troll bites you! The troll claws you!
* * * LOW HITPOINT WARNING * * *
The troll closely misses you.
You are too injured to fight recklessly!
You scratch the troll but do no damage.
The troll is almost dead.
The troll bites you!
* * * LOW HITPOINT WARNING * * *
The troll claws you!
* * * LOW HITPOINT WARNING * * *
The troll claws you!
You die...

.# ##.# .#. #
♣♣ ..# # ♣.♣
..# # ♣.
♣(♣♣♣..# #
♣♣. ♣.....# #
♣... ♣.T@# #
.....♣...# #
#....#.# #
##.##..#
##...## #####
##.###.#.#
#...## ##.#
#.#.#
#....#####..#
#.#.#
#.........###
#.#.#


You could see a troll.

Vanquished Creatures
  Harold (D:7)
  A centaur zombie (D:7)
  A steam dragon (D:7)
  Menkaure (D:6)
  Edmund (D:6)
  2 water moccasins
  Purgy (Sewer)
  2 orc warriors
  2 sky beasts
  A black bear (D:5)
  An ice beast (D:5)
  2 ogres (D:6)
  4 centaurs
  A necrophage (D:4)
  A phantom (D:6)
  2 bullfrogs
  A scorpion (D:4)
  A wyvern skeleton (D:6)
  A howler monkey (D:5)
  A centaur skeleton (D:6)
  A hound (D:5)
  5 orc priests
  8 jellies
  A bullfrog skeleton (D:2)
  2 orc wizards
  9 adders
  2 white imps (D:5)
  An ufetubus (D:5)
  2 adder skeletons (D:5)
  A dart slug (D:1)
  17 orcs
  A bat (D:1)
  2 endoplasms (D:3)
  A giant cockroach (D:3)
  6 goblins
  8 hobgoblins
  3 jackals (D:4)
  4 quokkas
  7 ball pythons
  4 frilled lizards (Sewer)
  8 kobolds
121 creatures vanquished.

Notes
Turn   | Place    | Note
-------+----------+-------------------------------------------
     0 | D:1      | lawman0 the Troll Earth Elementalist began the quest for
                  | the Orb.
     0 | D:1      | Reached XP level 1. HP: 16/16 MP: 1/1
   202 | D:1      | Reached XP level 2. HP: 24/24 MP: 2/2
   258 | D:1      | Found a faded altar of an unknown god.
   719 | D:2      | Learned a level 2 spell: Passwall
   817 | D:2      | Found Batip's Magic Scroll Emporium.
   828 | D:2      | Reached skill level 1 in Unarmed Combat
   828 | D:2      | Reached XP level 3. HP: 23/31 MP: 0/3
   863 | D:2      | Bought a scroll of identify for 24 gold pieces
  1247 | D:3      | Reached skill level 1 in Transmutations
  1376 | D:3      | Reached XP level 4. HP: 39/39 MP: 0/4
  1469 | D:3      | Found a glowing drain.
  1519 | Sewer    | Entered a sewer
  1557 | Sewer    | Noticed Purgy
  1571 | Sewer    | Killed Purgy
  1572 | Sewer    | Reached XP level 5. HP: 30/45 MP: 0/6
  2011 | D:3      | Reached XP level 6. HP: 53/53 MP: 2/7
  2058 | D:3      | Learned a level 3 spell: Stone Arrow
  2567 | D:4      | Noticed a sky beast
  2581 | D:4      | Killed a sky beast
  2854 | D:4      | Reached XP level 7. HP: 59/59 MP: 3/8
  2986 | D:4      | Found a snail-covered altar of Cheibriados.
  3156 | D:5      | Entered Level 5 of the Dungeon
  3162 | D:5      | Identified the +4 whip of Mutilation {vamp, Will+}
  3175 | D:5      | Reached skill level 1 in Armour
  3211 | D:5      | Reached skill level 5 in Earth Magic
  3589 | D:5      | Reached XP level 8. HP: 48/68 MP: 5/10
  4468 | D:6      | Reached skill level 5 in Unarmed Combat
  4580 | D:6      | Reached skill level 1 in Throwing
  4663 | D:6      | Found a shadowy altar of Dithmenos.
  4935 | D:6      | Reached XP level 9. HP: 72/75 MP: 5/12
  5025 | D:6      | Noticed Menkaure
  5032 | D:6      | Killed Menkaure
  5188 | D:6      | Found a staircase to the Ecumenical Temple.
  5332 | Temple   | Entered the Ecumenical Temple
  5575 | D:6      | Noticed Edmund
  5589 | D:6      | Found a hide-covered altar of Uskayaw.
  5808 | D:6      | Killed Edmund
  5809 | D:6      | Reached skill level 1 in Fighting
  5974 | D:7      | Noticed Harold
  5986 | D:7      | Noticed Joseph
  6004 | D:7      | Killed Harold
  6167 | D:7      | Found Karph's Magic Scroll Shoppe.
  6170 | D:7      | Bought a scroll of magic mapping for 49 gold pieces
  6171 | D:7      | Bought a scroll of fear for 49 gold pieces
  6171 | D:7      | Bought a scroll of identify for 28 gold pieces
  6171 | D:7      | Bought a scroll of identify for 28 gold pieces
  6448 | D:7      | Found a white marble altar of Elyvilon.
  6506 | D:7      | Identified the +0 flail of Zogid {spect, *Rage +Blink rC+
                  | Int+7}
  6683 | D:8      | Found an iron altar of Okawaru.
  6821 | D:8      | Found a blossoming altar of Fedhas.
  6938 | D:8      | Noticed a troll
  6950 | D:8      | HP: 2/79 [troll (11)]
  6950 | D:8      | Slain by a troll

Illustrated notes

Levels and vault maps discovered:
D:1:      lordsloth_arrival_two_stooges, layout_loops_ring,
          ebering_ecumenical_altar_abandoned
D:2:      layout_rooms, serial_shops, shop
D:3:      layout_loops_ring, gup_sewer_entry_glass
D:4:      layout_gridville, overflow_temple_1_default,
          chequers_serial_rivers_small_b, minmay_manual_moon
D:5:      layout_cave_pools, serial_co_window_serial, co_window_cross_1,
          co_window_paths_b, co_window_cross_1, co_window_corner_a,
          co_window_paths_b, co_window_unsneaky_path_b, co_window_corner_b,
          co_window_of_opportunity_b, co_window_2corner, co_window_broadway_b,
          co_window_of_opportunity_b, co_window_unsneaky_path_d,
          water_boxes_lemuel
D:6:      layout_gridville, grunt_dithmenos_smoke_and_mirrors,
          lemuel_doored_altar, minmay_temple_entry_nine_rooms, uniq_menkaure,
          uniq_edmund
D:7:      layout_gridville, elyvilon_altar_1, serial_shops,
          nicolae_stop_n_shop_2, st_stairs_8, uniq_joseph, uniq_harold
D:8:      layout_layer_cave, grunt_temple_overflow_lords_of_destruction,
          okawaru_trees_1, mainiacjoe_overflow_alcove_4, dpeg_lair_monsters,
          serial_shops, shop, kb_rosetta
Temple:   jpeg_temple_alley_garden

Skill      XL: |  1  2  3  4  5  6  7  8  9 |
---------------+----------------------------+-----
Earth Magic    | 3 4 5 6 7 |  7.1
Unarmed Combat | 1 3 4 5 7 |  7.5
Transmutations | 1 2 3 4 |  4.0
Dodging        | 2 3 |  3.5
Armour         | 1 2 |  2.9
Spellcasting   | 2 3 |  3.0
Throwing       | 1 |  1.0
Fighting       | 2 |  2.2
Stealth        | |  1.8

Action                   |  1- 3 |  4- 6 |  7- 9 || total
-------------------------+-------+-------+-------++-------
Melee: Unarmed           |    85 |   128 |   240 ||   453
       Punch             |       |     2 |     5 ||     7
Throw: Dart              |       |     2 |    22 ||    24
 Cast: Sandblast         |    10 |    35 |    49 ||    94
       Stone Arrow       |       |       |     2 ||     2
       Passwall          |       |       |     9 ||     9
  Use: Scroll            |     4 |     3 |     9 ||    16
       Potion            |       |     7 |     1 ||     8
 Stab: Sleeping          |     1 |       |       ||     1
       Distracted        |       |     1 |       ||     1
Armor: Robe              |    43 |    20 |       ||    63
       Troll leather arm |       |    51 |   144 ||   195
Dodge: Dodged            |    46 |    86 |   159 ||   291

Table legend: (Time is in decaauts)
 A = Elapsed time spent in this place.
 B = Non-inter-level travel time spent in this place.
 C = Inter-level travel time spent in this place.
 D = Time resting spent in this place.
 E = Time spent auto-exploring this place.
 F = Levels seen in this place.
 G = Mean time per level.
                   A        B        C        D        E       F      G
               +--------+--------+--------+--------+--------+-----+--------+
         Total |   6967 |   6637 |    330 |    116 |   4808 |  10 |  696.7 |
       Dungeon |   6475 |   6181 |    294 |     75 |   4570 |   8 |  809.4 |
        Temple |    195 |    160 |     35 |      0 |    153 |   1 |  195.0 |
         Sewer |    296 |    296 |      0 |     41 |     85 |   1 |  296.0 |
               +--------+--------+--------+--------+--------+-----+--------+

Top non-repeatable levels by time:
     D:6: 1376 daAuts
     D:5: 1210 daAuts
     D:3: 857 daAuts
     D:4: 785 daAuts
     D:1: 715 daAuts
     D:7: 593 daAuts
     D:2: 529 daAuts
     D:8: 407 daAuts
   Sewer: 296 daAuts
  Temple: 195 daAuts
